 Dungeon Crawl Stone Soup version 0.25-a0-86-ga6f17ae7d4 (webtiles) character file.

Game seed: 3552347802659104570, levelgen mode: deterministic

90 D1HalberdGnoll the Poker (level 4, 0/35 HPs)
             Began as a Merfolk Skald on Nov 9, 2019.
             Slain by an orc
             ... wielding a +0 short sword
              (6 damage)
             ... on level 3 of the Dungeon.
             The game lasted 00:02:15 (2594 turns).

D1HalberdGnoll the Poker (Merfolk Skald)            Turns: 2594, Time: 00:02:16

Health: 0/35       AC:  6    Str: 17    XL:     4   Next: 56%
Magic:  3/7        EV: 12    Int: 12    God:
Gold:   167        SH:  0    Dex: 13    Spells: 6/7 levels left

rFire    . . .     SeeInvis .   i - +4 dagger
rCold    . . .     Gourm    .   (no shield)
rNeg     . . .     Faith    .   h - +0 ring mail
rPois    .         Spirit   .   (no helmet)
rElec    .         Reflect  .   (no cloak)
rCorr    .         Harm     .   (no gloves)
MR       .....                  l - +0 pair of boots
Stlth    +.........             (no amulet)
HPRegen  0.11/turn              (no ring)
MPRegen  0.10/turn              (no ring)

@: mighty, infused, very slightly contaminated
A: change form in water, swift swim, stealthy swim
a: no special abilities


You were on level 3 of the Dungeon.
You were not hungry.

You visited 1 branch of the dungeon, and saw 3 of its levels.

You collected 167 gold pieces.

Inventory:

Hand Weapons
 a - a +0 spear
 i - a +4 dagger (weapon)
Armour
 h - a +0 ring mail (worn)
 l - a +0 pair of boots (worn)
Scrolls
 b - a scroll of magic mapping {unknown}
 f - 6 scrolls of identify {unknown}
 j - a scroll of enchant weapon {unknown}
 k - 2 scrolls of remove curse {unknown}
 m - a scroll of random uselessness {unknown}
Potions
 c - a potion of heal wounds {unknown}
 e - a potion of curing {unknown}
 g - a potion of lignification {unknown}
 n - a potion of cancellation {unknown}
 o - a potion of ambrosia {unknown}
 p - a potion of might
 q - a potion of brilliance {unknown}
Comestibles
 d - 7 rations


   Skills:
 + Level 3.1 Fighting
 * Level 5.1 Polearms
 - Level 0.6 Armour
 + Level 3.8 Dodging
 + Level 2.1 Spellcasting
 - Level 3.2 Charms


You had 6 spell levels left.
You knew the following spells:

 Your Spells              Type           Power        Failure   Level  Hunger
a - Infusion              Chrm           #...         13%         1    ##.....

Your spell library contained the following spells:

 Spells                   Type           Power        Failure   Level  Hunger
 Song of Slaying          Chrm           #.......     21%         2    ###....
 Shroud of Golubria       Chrm/Tloc      #.....       36%         2    ###....
 Regeneration             Chrm/Necr      #.........   58%         3    ####...
 Spectral Weapon          Hex/Chrm       #.......     58%         3    ####...


Dungeon Overview and Level Annotations

Branches:
Dungeon (3/15)

Altars:
Qazlal
Trog

Annotations:
D:3 1 transporter, Granthy's ghost, amateur GnSk


Message History

* * * LOW HITPOINT WARNING * * *
You hit the orc.
You kill the orc!
The orc misses you. The orc hits you with a +0 trident.
* * * LOW HITPOINT WARNING * * *
Things that are here:
a +0 mace; a +0 chain mail The orc hits you but does no damage.
It was a potion of might.
You feel very mighty all of a sudden. The orc barely misses you.
You aren't carrying any items that you can evoke without wielding.
The orc barely misses you.
You puncture the orc!
You kill the orc!
You puncture the orc!
You kill the orc!
The orc hits you with a +0 short sword.
You die...

#........### <.
#....##### .#
#)#### .. #.# ...
.. #.# ... #.# .o..
#.# .....
#.############.....
#.....@oo.....#....
########o..........
#..........#
#.......#...
########..# .# #


You could see 3 orcs.

Vanquished Creatures
  An adder (D:2)
  An ooze (D:2)
  2 worms
  3 dart slugs (D:1)
  3 leopard geckos
  4 orcs (D:3)
  6 bats
  2 giant cockroaches
  6 goblins
  8 hobgoblins
  2 jackals (D:1)
  5 kobolds
  2 quokkas
  3 frilled lizards (D:1)
  5 rats
53 creatures vanquished.

Notes
Turn   | Place    | Note
-------+----------+-------------------------------------------
     0 | D:1      | D1HalberdGnoll the Merfolk Skald began the quest for the
                  | Orb.
     0 | D:1      | Reached XP level 1. HP: 16/16 MP: 3/3
    66 | D:1      | Reached XP level 2. HP: 7/23 MP: 0/5
   502 | D:1      | Reached skill level 4 in Polearms
   667 | D:1      | You fall into a shaft and drop 1 floor!
   777 | D:2      | Reached XP level 3. HP: 28/28 MP: 6/6
  1467 | D:2      | Reached XP level 4. HP: 21/35 MP: 7/7
  2037 | D:2      | Found a bloodstained altar of Trog.
  2238 | D:3      | Found a transporter.
  2331 | D:3      | Noticed Granthy's ghost (amateur GnSk)
  2380 | D:3      | Reached skill level 5 in Polearms
  2409 | D:3      | Found a stormy altar of Qazlal.
  2594 | D:3      | Slain by an orc

Levels and vault maps discovered:
D:1:      minmay_arrival_jagged, layout_rooms
D:2:      layout_basic, lightli_temple_of_fire, minmay_fountain_box
D:3:      layout_rooms, first_ration, serial_curves, eino_curves_01,
          eino_curves_04, gammafunk_ghost_arena, nicolae_qazlal_eye_of_the_storm

Skill      XL: |  1  2  3  4 |
---------------+-------------+-----
Dodging        | 3 |  3.8
Polearms       | 4 5 |  5.1
Fighting       | 3 |  3.1
Armour         | |  0.6
Spellcasting   | |  2.1
Charms         | |  3.2

Action                   |  1- 3 |  4- 6 || total
-------------------------+-------+-------++-------
Melee: Spear             |    97 |       ||    97
       Dagger            |    35 |    50 ||    85
 Cast: Infusion          |     2 |     5 ||     7
  Use: Potion            |       |     1 ||     1
 Stab: Sleeping          |     2 |       ||     2
  Eat: Chunk             |     2 |       ||     2
       Ration            |       |     1 ||     1
Armor: Leather armour    |    11 |       ||    11
       Ring mail         |    29 |    16 ||    45
Dodge: Dodged            |    66 |    33 ||    99

Table legend:
 A = Non-vault XP
 B = Vault XP
 C = Vault XP percentage of total XP
 D = Non-vault monster count
 E = Vault monster count
 F = Vault count percentage of total count
                 A         B        C        D         E       F
            +---------+---------+-------+---------+---------+-------
      Total |     129 |       0 |   0.0 |      53 |       0 |   0.0
            +---------+---------+-------+---------+---------+-------
        D:1 |      50 |       0 |   0.0 |      25 |       0 |   0.0
        D:2 |      46 |       0 |   0.0 |      15 |       0 |   0.0
        D:3 |      33 |       0 |   0.0 |      13 |       0 |   0.0
            +---------+---------+-------+---------+---------+-------
